NWL (28 & UNDER)
RED DEER WRANGLERS @ BISMARCK BARONS
08/09/2023
 
TOP OF THE 1ST
Red Deer Wranglers batting - Pitching for Bismarck Barons : RHP Ron Young
Pitching: RHP Ron Young
Batting: LHB Enrico Vargas 0-0: Swinging Strike
0-1: Ball
1-1: Ball
2-1: Foul Ball, location: 2F
2-2: Strikes out swinging
Batting: RHB Todd Bryant 0-0: Called Strike
0-1: Ground out U3 (Groundball, 3)
Batting: RHB Oliver Harris 0-0: SINGLE (Groundball, 4D)
Batting: RHB Orlando Núñes 0-0: Called Strike
0-1: SINGLE (Groundball, 3S)
Oliver Harris to second
Runner from 2nd tries for 3rd, SAFE, throw made to third
Batting: SHB José López 0-0: Ball
1-0: Ball
2-0: Ball
Wild Pitch!
Oliver Harris scores
Orlando Núñes to second
3-0: Base on Balls
Batting: LHB Del Kennedy 0-0: Foul Ball, location: 2F
0-1: Foul Ball, location: 2F
0-2: Strikes out swinging
Top of the 1st over - 1 run(s), 2 hit(s), 0 error(s), 2 left on base; Red Deer 1 - Bismarck 0
BOTTOM OF THE 1ST
Bismarck Barons batting - Pitching for Red Deer Wranglers : RHP Ron Chapman
Pitching: RHP Ron Chapman
Batting: RHB Jorge Espinosa 0-0: Ball
1-0: Ball
2-0: Called Strike
2-1: Swinging Strike
2-2: Ball
3-2: Strikes out looking
Batting: LHB Dave Gray 0-0: Ball
1-0: Fly out, F7 (Flyball, 7LS)
Batting: RHB Jack Bailey 0-0: Called Strike
0-1: Called Strike
0-2: Strikes out swinging
Bottom of the 1st over - 0 run(s), 0 hit(s), 0 error(s), 0 left on base; Red Deer 1 - Bismarck 0
TOP OF THE 2ND
Red Deer Wranglers batting - Pitching for Bismarck Barons : RHP Ron Young
Batting: RHB Carlos Peña 0-0: Ball
1-0: SOLO HOME RUN (Flyball, 9D), Distance : 354 ft
Batting: LHB Ron Mayes 0-0: Swinging Strike
0-1: Ball
1-1: Ball
2-1: Foul Ball, location: 2F
2-2: Strikes out looking
Batting: RHB John McDonald 0-0: Called Strike
0-1: Foul Ball, location: 2F
0-2: Foul Ball, location: 2F
0-2: Ball
1-2: Foul Ball, location: 2F
1-2: Foul Ball, location: 2F
1-2: Strikes out swinging
Batting: LHB Enrico Vargas 0-0: Foul Ball, location: 2F
0-1: Foul Ball, location: 2F
0-2: Ball
1-2: Ground out 4-3 (Groundball, 4M)
Top of the 2nd over - 1 run(s), 1 hit(s), 0 error(s), 0 left on base; Red Deer 2 - Bismarck 0
BOTTOM OF THE 2ND
Bismarck Barons batting - Pitching for Red Deer Wranglers : RHP Ron Chapman
Batting: RHB Paul Ladd 0-0: Ball
1-0: DOUBLE (Line Drive, 5L)
Batting: SHB Víctor Serrano 0-0: Called Strike
0-1: Foul Ball, location: 2F
0-2: Ball
1-2: Ball
2-2: Fly out, F7 (Line Drive, 7LM)
Batting: SHB Lester Olsen 0-0: Called Strike
0-1: Ball
1-1: Foul Ball, location: 2F
1-2: Strikes out swinging
Batting: RHB Lúcio Flores 0-0: Ball
1-0: Called Strike
1-1: Swinging Strike
1-2: Foul Ball, location: 2F
1-2: Strikes out looking
Bottom of the 2nd over - 0 run(s), 1 hit(s), 0 error(s), 1 left on base; Red Deer 2 - Bismarck 0
TOP OF THE 3RD
Red Deer Wranglers batting - Pitching for Bismarck Barons : RHP Ron Young
Batting: RHB Todd Bryant 0-0: Called Strike
0-1: Called Strike
0-2: Strikes out swinging
Batting: RHB Oliver Harris 0-0: Ball
1-0: SINGLE (Groundball, 56)
Batting: RHB Orlando Núñes 0-0: Ball
1-0: Ball
2-0: Foul Ball, location: 2F
2-1: Ball
3-1: Swinging Strike
3-2: Foul Ball, location: 2F
3-2: Fly out, F8 (Flyball, 8LD)
Batting: SHB José López 0-0: Foul Ball, location: 2F
0-1: Ball
1-1: Ball
2-1: Swinging Strike
2-2: Ground out U3 (Groundball, 3S)
Top of the 3rd over - 0 run(s), 1 hit(s), 0 error(s), 1 left on base; Red Deer 2 - Bismarck 0
BOTTOM OF THE 3RD
Bismarck Barons batting - Pitching for Red Deer Wranglers : RHP Ron Chapman
Batting: RHB Miguel Hernández 0-0: Ball
1-0: Ball
2-0: Called Strike
2-1: Swinging Strike
2-2: Ground out 4-3 (Groundball, 4)
Batting: LHB Lorenzo Núñes 0-0: Ball
1-0: Called Strike
1-1: Bunt missed!
1-2: Ball
2-2: Ground out 6-3 (Groundball, 6)
Batting: RHB Jorge Espinosa 0-0: Ball
1-0: Ball
2-0: Ball
3-0: Base on Balls
Batting: LHB Dave Gray 0-0: SINGLE (Flyball, 8LM)
Jorge Espinosa to second
Jorge Espinosa to third
Batting: RHB Jack Bailey 0-0: Called Strike
0-1: Ball
1-1: Ball
2-1: Foul Ball, location: 2F
2-2: Ball
3-2: Base on Balls
Dave Gray to second
Batting: RHB Paul Ladd 0-0: Ball
Wild Pitch!
Jorge Espinosa scores
Dave Gray to third
Jack Bailey to second
1-0: SINGLE (Groundball, 56D)
Dave Gray scores
Jack Bailey to third
Runner from 3rd tries for Home, SAFE, no throw or cutoff
Batting: SHB Víctor Serrano 0-0: Ball
1-0: Called Strike
1-1: Ball
2-1: Ball
3-1: Called Strike
3-2: 2-RUN HOME RUN (Flyball, 9LD), Distance : 317 ft
Batting: SHB Lester Olsen 0-0: Ground out 4-3 (Groundball, 4)
Bottom of the 3rd over - 5 run(s), 3 hit(s), 0 error(s), 0 left on base; Red Deer 2 - Bismarck 5
TOP OF THE 4TH
Red Deer Wranglers batting - Pitching for Bismarck Barons : RHP Ron Young
Batting: LHB Del Kennedy 0-0: Foul Ball, location: 2F
0-1: Ball
1-1: Ball
2-1: Swinging Strike
2-2: Ball
3-2: Strikes out swinging
Batting: RHB Carlos Peña 0-0: Ball
1-0: Swinging Strike
1-1: Ball
2-1: Called Strike
2-2: Strikes out swinging
Batting: LHB Ron Mayes 0-0: Ball
1-0: Foul Ball, location: 2F
1-1: Called Strike
1-2: Ball
2-2: Ball
3-2: Foul Ball, location: 2F
3-2: SINGLE (Groundball, 34)
Batting: RHB John McDonald 0-0: Called Strike
0-1: Ball
Wild Pitch!
Ron Mayes to second
1-1: Foul Ball, location: 2F
1-2: Strikes out swinging
Top of the 4th over - 0 run(s), 1 hit(s), 0 error(s), 1 left on base; Red Deer 2 - Bismarck 5
BOTTOM OF THE 4TH
Bismarck Barons batting - Pitching for Red Deer Wranglers : RHP Ron Chapman
Batting: RHB Lúcio Flores 0-0: Fly out, F5 (Line Drive, 5)
Batting: RHB Miguel Hernández 0-0: Foul Ball, location: 2F
0-1: Ground out 4-3 (Groundball, 4)
Batting: LHB Lorenzo Núñes 0-0: Ball
1-0: Ball
2-0: Foul Ball, location: 2F
2-1: Foul Ball, location: 2F
2-2: SINGLE (Line Drive, 6MD)
Batting: RHB Jorge Espinosa 0-0: Ball
1-0: Swinging Strike
1-1: Ball
2-1: Called Strike
2-2: Ball
3-2: Ground out 1-3 (Groundball, 15)
Bottom of the 4th over - 0 run(s), 1 hit(s), 0 error(s), 1 left on base; Red Deer 2 - Bismarck 5
TOP OF THE 5TH
Red Deer Wranglers batting - Pitching for Bismarck Barons : RHP Ron Young
Batting: LHB Enrico Vargas 0-0: Ball
1-0: Ball
2-0: Ball
3-0: Called Strike
3-1: Called Strike
3-2: Fly out, F3 (Line Drive, 3)
Batting: RHB Todd Bryant 0-0: Ball
1-0: Swinging Strike
1-1: Called Strike
1-2: Ball
2-2: Strikes out swinging
Batting: RHB Oliver Harris 0-0: Foul Ball, location: 2F
0-1: Foul Ball, location: 2F
0-2: Hit by Pitch
Batting: RHB Orlando Núñes 0-0: Swinging Strike
0-1: Ball
Wild Pitch!
Oliver Harris to second
1-1: Called Strike
1-2: Strikes out swinging
Top of the 5th over - 0 run(s), 0 hit(s), 0 error(s), 1 left on base; Red Deer 2 - Bismarck 5
BOTTOM OF THE 5TH
Bismarck Barons batting - Pitching for Red Deer Wranglers : RHP Ron Chapman
Batting: LHB Dave Gray 0-0: Ball
1-0: Ball
2-0: Ball
3-0: Called Strike
3-1: Ground out 1-3 (Groundball, 23)
Batting: RHB Jack Bailey 0-0: Ball
1-0: Swinging Strike
1-1: Ball
2-1: Foul Ball, location: 2F
2-2: Strikes out looking
Batting: RHB Paul Ladd 0-0: Called Strike
0-1: Foul Ball, location: 2F
0-2: Ball
1-2: Ground out 5-3 (Groundball, 5D)
Bottom of the 5th over - 0 run(s), 0 hit(s), 0 error(s), 0 left on base; Red Deer 2 - Bismarck 5
TOP OF THE 6TH
Red Deer Wranglers batting - Pitching for Bismarck Barons : RHP Ron Young
Pitching: RHP Mike Hodges
Batting: SHB José López 0-0: Swinging Strike
0-1: Fly out, F4 (Line Drive, 4)
Batting: LHB Del Kennedy 0-0: Swinging Strike
0-1: Ball
1-1: Ball
2-1: Called Strike
2-2: Ground out 4-3 (Groundball, 4M)
Batting: RHB Carlos Peña 0-0: Called Strike
0-1: Ball
1-1: Called Strike
1-2: DOUBLE (Line Drive, 5D)
Batting: LHB Ron Mayes 0-0: Called Strike
0-1: Swinging Strike
0-2: Ball
1-2: SINGLE (Groundball, 56D)
Carlos Peña to third
Runner from 3rd tries for Home, SAFE, no throw or cutoff
Batting: RHB John McDonald 0-0: Ball
1-0: Foul Ball, location: 2F
1-1: Ball
2-1: Swinging Strike
2-2: Ball
3-2: Fly out, F7 (Flyball, 78M)
Top of the 6th over - 1 run(s), 2 hit(s), 0 error(s), 1 left on base; Red Deer 3 - Bismarck 5
BOTTOM OF THE 6TH
Bismarck Barons batting - Pitching for Red Deer Wranglers : RHP Ron Chapman
Batting: SHB Víctor Serrano 0-0: Foul Ball, location: 2F
0-1: Ball
1-1: Ball
2-1: Ball
3-1: Foul Ball, location: 2F
3-2: Ground out 1-3 (Groundball, 13S)
Batting: SHB Lester Olsen 0-0: Foul Ball, location: 2F
0-1: Foul Ball, location: 2F
0-2: Foul Ball, location: 2F
0-2: Strikes out swinging
Batting: RHB Lúcio Flores 0-0: Ball
1-0: Ball
2-0: Foul Ball, location: 2F
2-1: Ball
3-1: Base on Balls
Pitching: RHP Pedro Leal
Batting: RHB Miguel Hernández 0-0: SINGLE (Groundball, 6MD)
Lúcio Flores to second
Batting: LHB Lorenzo Núñes 0-0: Ball
1-0: Called Strike
1-1: Ball
2-1: Ball
3-1: Base on Balls
Lúcio Flores to third
Miguel Hernández to second
Batting: RHB Jorge Espinosa 0-0: Foul Ball, location: 2F
0-1: Fly out, F6 (Line Drive, 6)
Bottom of the 6th over - 0 run(s), 1 hit(s), 0 error(s), 3 left on base; Red Deer 3 - Bismarck 5
TOP OF THE 7TH
Red Deer Wranglers batting - Pitching for Bismarck Barons : RHP Mike Hodges
Batting: LHB Enrico Vargas 0-0: Ball
1-0: Called Strike
1-1: Foul Ball, location: 2F
1-2: Strikes out swinging
Batting: RHB Todd Bryant 0-0: Ball
1-0: Called Strike
1-1: SINGLE (Flyball, 89S)
Batting: RHB Oliver Harris 0-0: Called Strike
0-1: DOUBLE (Line Drive, 5D)
Todd Bryant to third
Batting: RHB Orlando Núñes 0-0: Called Strike
0-1: Ball
1-1: Called Strike
1-2: Strikes out swinging
Batting: SHB José López 0-0: Called Strike
0-1: Called Strike
0-2: Foul Ball, location: 2F
0-2: Ground out 1-3 (Groundball, 23)
Top of the 7th over - 0 run(s), 2 hit(s), 0 error(s), 2 left on base; Red Deer 3 - Bismarck 5
BOTTOM OF THE 7TH
Bismarck Barons batting - Pitching for Red Deer Wranglers : RHP Pedro Leal
Batting: LHB Dave Gray 0-0: DOUBLE (Line Drive, 3L)
Batting: RHB Jack Bailey 0-0: Intentional Walk
Batting: RHB Paul Ladd 0-0: Ball
1-0: Swinging Strike
1-1: Ball
Wild Pitch!
Dave Gray to third
Jack Bailey to second
2-1: Called Strike
2-2: Ball
3-2: Foul Ball, location: 2F
3-2: Strikes out swinging
Batting: SHB Víctor Serrano 0-0: Called Strike
0-1: Called Strike
0-2: Ball
1-2: Strikes out looking
Batting: SHB Lester Olsen 0-0: Ball
1-0: Ball
2-0: Called Strike
2-1: Ball
3-1: Base on Balls
Pinch Hitting: RHB Ron James 0-0: Foul Ball, location: 2F
0-1: Ball
1-1: Ball
2-1: Called Strike
2-2: Ball
3-2: Base on Balls
Dave Gray scores
Jack Bailey to third
Lester Olsen to second
Batting: RHB Miguel Hernández 0-0: Ball
1-0: Foul Ball, location: 2F
1-1: Foul Ball, location: 2F
1-2: Ball
2-2: SINGLE (Flyball, 9LS)
Jack Bailey scores
Lester Olsen to third
Ron James to second
Runner from 3rd tries for Home, SAFE, no throw or cutoff
Pitching: RHP Jeffery Lockhart
Batting: LHB Lorenzo Núñes 0-0: Ground out U3 (Groundball, 3S)
Bottom of the 7th over - 3 run(s), 2 hit(s), 0 error(s), 2 left on base; Red Deer 3 - Bismarck 8
TOP OF THE 8TH
Red Deer Wranglers batting - Pitching for Bismarck Barons : RHP Mike Hodges
Pitching: RHP Dalton Ray
Now at 1B: Benito Minardi
Now in CF: Paco Sandoval
Batting: LHB Del Kennedy 0-0: Called Strike
0-1: Swinging Strike
0-2: Strikes out swinging
Batting: RHB Carlos Peña 0-0: Foul Ball, location: 2F
0-1: Ball
1-1: Ball
2-1: Foul Ball, location: 2F
2-2: Ball
3-2: Foul Ball, location: 2F
3-2: Base on Balls
Batting: LHB Ron Mayes 0-0: Ball
1-0: Called Strike
1-1: Called Strike
1-2: Foul Ball, location: 2F
1-2: Ball
2-2: Strikes out swinging
Batting: RHB John McDonald 0-0: Called Strike
0-1: Ball
1-1: Ball
2-1: Foul Ball, location: 2F
2-2: Ball
3-2: Foul Ball, location: 2F
3-2: SINGLE (Line Drive, 9S)
Carlos Peña to second
Carlos Peña to third
Batting: LHB Enrico Vargas 0-0: Foul Ball, location: 2F
0-1: Ground out 3-1 (Groundball, 34)
Top of the 8th over - 0 run(s), 1 hit(s), 0 error(s), 2 left on base; Red Deer 3 - Bismarck 8
BOTTOM OF THE 8TH
Bismarck Barons batting - Pitching for Red Deer Wranglers : RHP Jeffery Lockhart
Batting: RHB Jorge Espinosa 0-0: Called Strike
Single, Error in OF, E8, batter to second base
Batting: LHB Dave Gray 0-0: Ball
1-0: Ball
2-0: Called Strike
2-1: Foul Ball, location: 2F
2-2: Foul Ball, location: 2F
2-2: Foul Ball, location: 2F
2-2: SINGLE (Line Drive, 56)
Jorge Espinosa to third
Batting: RHB Jack Bailey 0-0: DOUBLE (Groundball, 5L)
Jorge Espinosa scores
Dave Gray to third
Runner from 3rd tries for Home, SAFE, throw made home
Batting: RHB Paul Ladd 0-0: Foul Ball, location: 2F
0-1: Ball
1-1: Called Strike
1-2: SINGLE (Flyball, 8LS)
Jack Bailey to third
Batting: SHB Víctor Serrano 0-0: Ball
1-0: Called Strike
1-1: Ball
2-1: Ball
3-1: Base on Balls
Paul Ladd to second
Pinch Hitting: RHB Gil Watcham 0-0: Ball
1-0: Ball
2-0: Ball
3-0: Called Strike
3-1: Foul Ball, location: 2F
3-2: Foul Ball, location: 2F
3-2: Foul Ball, location: 2F
3-2: Foul Ball, location: 2F
3-2: SINGLE (Line Drive, 4D)
Jack Bailey scores
Paul Ladd to third
Víctor Serrano to second
Batting: RHB Benito Minardi 0-0: Called Strike
0-1: Grounds into double play, 6-4-3 (Groundball, 6M)
Paul Ladd scores
Víctor Serrano to third
Pitching: RHP Daniel Recchi
Pinch Hitting: RHB David Canseco 0-0: SINGLE (Line Drive, 89S)
Víctor Serrano scores
Batting: LHB Paco Sandoval 0-0: Ball
1-0: Swinging Strike
1-1: Ball
2-1: Ball
3-1: Called Strike
3-2: Base on Balls
David Canseco to second
Batting: RHB Jorge Espinosa 0-0: Fly out, F9 (Flyball, 9LD)
Bottom of the 8th over - 5 run(s), 6 hit(s), 1 error(s), 2 left on base; Red Deer 3 - Bismarck 13
TOP OF THE 9TH
Red Deer Wranglers batting - Pitching for Bismarck Barons : RHP Dalton Ray
Now at 2B: David Canseco
Now at SS: Gil Watcham
Batting: RHB Todd Bryant 0-0: Called Strike
0-1: Ball
1-1: Ball
2-1: Ball
3-1: Base on Balls
Batting: RHB Oliver Harris 0-0: Called Strike
0-1: Foul Ball, location: 2F
0-2: Grounds into double play, 6-4-3 (Groundball, 6)
Batting: RHB Orlando Núñes 0-0: Called Strike
0-1: Swinging Strike
0-2: Foul Ball, location: 2F
0-2: Ball
1-2: Strikes out swinging
Top of the 9th over - 0 run(s), 0 hit(s), 0 error(s), 0 left on base; Red Deer 3 - Bismarck 13
This league is powered by Out of the Park Baseball, the baseball management simulation game for PC, Mac and Linux
Wednesday, December 2nd, 2015 - OOTP Baseball 16.8 Build 38